 Dungeon Crawl Stone Soup version 0.29-a0-575-g0dc89cf053 (webtiles) character file.

Game seed: 6890087962976949593

3039 DocClef the Covert (level 9, -6/74 HPs)
             Began as a Gnoll Delver on June 12, 2022.
             Was a Believer of Okawaru.
             Killed from afar by an acid dragon (16 damage)
             ... with a splash of acid
             ... on level 9 of the Dungeon.
             The game lasted 00:10:59 (10814 turns).

DocClef the Covert (Gnoll Delver)                  Turns: 10814, Time: 00:11:00

Health: -6/74      AC:  2    Str: 10 (11) XL:     9   Next: 86%
Magic:  15/15      EV: 13    Int:  9 (11) God:    Okawaru [**....]
Gold:   475        SH:  5    Dex: 17      Spells: 17/17 levels left

rFire   + + +      SeeInvis .   u - +0 dagger (venom)
rCold   . . .      Faith    .   (no shield)
rNeg    . . .      Spirit   .   m - +3 ring mail {rF+}
rPois   .          Reflect  +   l - +0 helmet
rElec   .          Harm     .   (no cloak)
rCorr   .          Rampage  .   (no gloves)
Will    +....                   (no boots)
Stlth   ++++......              j - amulet of reflection
HPRegen 0.22/turn               o - ring of willpower
MPRegen 0.14/turn               s - ring of protection from fire

@: lethally poisoned (-6 -> -10), about to teleport, corroded, invisible
A: fangs 1, strong nose, distributed training, deterioration 1, fire resistance
1, no potion heal 2
a: Renounce Religion, Heroism


You were on level 9 of the Dungeon.
You worshipped Okawaru.
Okawaru was pleased with you.
You visited 2 branches of the dungeon, and saw 10 of its levels.

You collected 475 gold pieces.

Inventory:

Hand Weapons
 a - a +0 short sword
 u - a +0 dagger of venom (weapon)
 v - a +4 dagger
 B - a +2 flail of draining
Missiles
 w - a throwing net (quivered)
Armour
 l - a +0 helmet (worn)
 m - a +3 ring mail of fire resistance (worn)
Jewellery
 b - a ring of resist corrosion
 j - an amulet of reflection (around neck)
 o - a ring of willpower (left hand)
 s - a ring of protection from fire (right hand)
Wands
 g - a wand of digging (3)
 p - a wand of iceblast (9)
 C - a wand of mindburst (16)
Scrolls
 c - 3 scrolls of fog
 d - a scroll of magic mapping
 e - a scroll of blinking {unknown}
 h - 2 scrolls of summoning {unknown}
 i - 2 scrolls of immolation
 k - 2 scrolls of identify
 t - 3 scrolls of teleportation
 y - a scroll of noise {unknown}
Potions
 f - a potion of haste
 n - 2 potions of heal wounds
 q - 6 potions of curing
 r - a potion of flight
 x - a potion of brilliance
 z - a potion of resistance
 D - a potion of berserk rage


   Skills:
 + Level 8.1 Fighting
 + Level 6.6 Short Blades
 + Level 4.6 Long Blades
 + Level 4.6 Axes
 + Level 4.6 Maces & Flails
 + Level 4.6 Polearms
 + Level 4.6 Staves
 + Level 4.6 Slings
 + Level 4.6 Bows
 + Level 4.6 Crossbows
 + Level 4.6 Throwing
 + Level 4.6 Armour
 + Level 6.6 Dodging
 + Level 10.6 Stealth
 + Level 4.6 Shields
 + Level 4.6 Unarmed Combat
 + Level 4.6 Spellcasting
 + Level 3.8 Conjurations
 + Level 3.8 Hexes
 + Level 3.8 Summonings
 + Level 3.8 Necromancy
 + Level 3.8 Translocations
 + Level 3.8 Transmutations
 + Level 3.8 Fire Magic
 + Level 3.8 Ice Magic
 + Level 3.8 Air Magic
 + Level 3.8 Earth Magic
 + Level 3.8 Poison Magic
 + Level 5.1 Invocations
 + Level 4.6 Evocations


You had 17 spell levels left.
You didn't know any spells.
Your spell library contained the following spells:

 Spells                   Type           Power      Damage    Failure   Level
 Scorch                   Fire           18%        2d6       19%         2
 Portal Projectile        Hex/Tloc       18%        N/A       36%         3
 Flame Wave               Conj/Fire      9%         2d5       77%         4
 Blade Hands              Tmut           4%         N/A       98%         5
 Tukima's Dance           Hex            Unusable   N/A       N/A         3
 Summon Forest            Summ/Tloc      Unusable   N/A       N/A         5
 Summon Mana Viper        Hex/Summ       Unusable   N/A       N/A         5
 Summon Cactus Giant      Summ           Unusable   N/A       N/A         6

Dungeon Overview and Level Annotations

Branches:
Dungeon (9/15)             Temple (1/1) D:5
   Lair: D:8-11         Orc: D:9-12

Altars:
Ashenzari
Cheibriados
Dithmenos
Elyvilon
Fedhas
Gozag
Hepliaklqana
Kikubaaqudgha
Makhleb
Nemelex Xobeh
Okawaru
Qazlal
Ru
Sif Muna
Uskayaw
Vehumet
Wu Jian
Xom
Yredelemnul
Zin
The Shining One

Shops:
D:3 [(   D:4 *

Annotations:
D:6 1 runed translucent door, vulpzor's ghost, novice DECj


Innate Abilities, Weirdness & Mutations

You have very sharp teeth.
Your uncanny sense of smell can sniff out nearby items.
Your experience applies equally to all skills.
Your body sometimes deteriorates upon taking damage.
Your flesh is heat resistant. (rF+)
Potions cannot restore your health.


Message History

The acid dragon is lightly wounded.
The acid dragon bites you.
The acid dragon claws you but does no damage.
You hit the acid dragon but do no damage.
The acid dragon is lightly wounded.
You block the bullfrog's attack. The acid dragon closely misses you.
The acid dragon barely misses you.
The acid dragon attacks as you move away!
The acid dragon barely misses you.
The acid dragon claws you but does no damage.
The bullfrog attacks as you move away! The bullfrog misses you.
The acid dragon attacks as you move away!
The acid dragon closely misses you. The acid dragon claws you.
The bullfrog closely misses you. The acid dragon spits acid at you.
The splash of acid hits you!!
Your body deteriorates!
You feel weakened. The acid corrodes you!
The bullfrog attacks as you move away! You block the bullfrog's attack.
The bullfrog attacks as you move away! The bullfrog misses you.
You block the bullfrog's attack. The hornet stings you!
* * * LOW HITPOINT WARNING * * *
You are poisoned.
You feel yourself slow down.
There is a stone staircase leading up, spattered with blood here.
Unknown command.
As you read the scroll of teleportation, it crumbles to dust.
You feel strangely unstable.
You feel very sick. The bullfrog hits you.
* * * LOW HITPOINT WARNING * * *
The hornet misses you. The bullfrog hits you.
* * * LOW HITPOINT WARNING * * *
The hornet barely misses you.
You fade into invisibility!
You feel yourself speed up.
You feel sick. The bullfrog closely misses you. The hornet closely misses you.
The bullfrog completely misses you. The acid dragon spits acid at you.
The splash of acid hits you!
You die...

..... .. #....
....
#####...###....
##..........#...
##............#..
#..............#
...............#
.........@.....#
........DFy....#
...............#
...............#
...............#
...............#
#..............#
#..............#
##.............#


You could see a hornet (can't see you), an acid dragon (can't see you, catching
breath) and a bullfrog (can't see you).

Vanquished Creatures
  A two-headed ogre (D:8)
  A steam dragon (D:7)
  Edmund (D:5)
  A water moccasin (D:4)
  Duvessa (D:5)
  A black bear (D:8)
  An ogre (D:5)
  3 phantoms (D:5)
  A bullfrog (D:7)
  A scorpion (D:4)
  A necrophage (D:8)
  A water moccasin zombie (D:5)
  Dowan (D:4)
  2 howler monkeys
  3 hounds
  3 gnoll shamans
  2 jellies
  10 orc priests
  Terence (D:2)
  An iguana (D:4)
  7 orc wizards
  2 scorpion zombies (D:5)
  2 hound zombies (D:5)
  A hound skeleton (D:5)
  Robin (D:2)
  12 gnolls
  12 adders
  A howler monkey skeleton (D:5)
  3 white imps
  2 ufetubi
  2 worms (D:2)
  A dart slug (D:2)
  21 orcs
  8 endoplasms
  3 giant cockroaches
  15 goblins
  7 hobgoblins
  8 jackals
  2 quokkas (D:1)
  6 ball pythons
  A bat (D:1)
  2 frilled lizards
  8 kobolds
  3 rats (D:1)
167 creatures vanquished.

Vanquished Creatures (others)
  A white imp (D:5)
  4 withered plants
5 creatures vanquished.

Grand Total: 172 creatures vanquished

Notes
Turn   | Place    | Note
-------+----------+-------------------------------------------
     0 | D:5      | Reached skill level 9 in Stealth
     0 | D:5      | DocClef the Gnoll Delver began the quest for the Orb.
     0 | D:5      | Reached XP level 1. HP: 23/23 MP: 1/1
    24 | D:5      | Found an ancient bone altar of Kikubaaqudgha.
    32 | D:5      | Noticed a gnoll shaman
    70 | D:6      | Reached XP level 2. HP: 21/29 MP: 2/2
   168 | D:5      | Reached skill level 1 in Invocations
   168 | D:5      | Reached XP level 3. HP: 35/35 MP: 2/4
   172 | D:5      | Noticed Edmund
   186 | D:4      | Reached skill level 1 in Long Blades
   186 | D:4      | Reached skill level 1 in Axes
   186 | D:4      | Reached skill level 1 in Maces & Flails
   186 | D:4      | Reached skill level 1 in Polearms
   186 | D:4      | Reached skill level 1 in Staves
   186 | D:4      | Reached skill level 1 in Slings
   186 | D:4      | Reached skill level 1 in Bows
   186 | D:4      | Reached skill level 1 in Crossbows
   186 | D:4      | Reached skill level 1 in Throwing
   186 | D:4      | Reached skill level 1 in Armour
   186 | D:4      | Reached skill level 1 in Shields
   186 | D:4      | Reached skill level 1 in Unarmed Combat
   186 | D:4      | Reached skill level 1 in Spellcasting
   186 | D:4      | Reached skill level 1 in Evocations
   191 | D:4      | Reached XP level 4. HP: 25/41 MP: 3/5
   335 | D:4      | Noticed a scorpion
   360 | D:4      | Reached skill level 1 in Conjurations
   360 | D:4      | Reached skill level 1 in Hexes
   360 | D:4      | Reached skill level 1 in Summonings
   360 | D:4      | Reached skill level 1 in Necromancy
   360 | D:4      | Reached skill level 1 in Translocations
   360 | D:4      | Reached skill level 1 in Transmutations
   360 | D:4      | Reached skill level 1 in Fire Magic
   360 | D:4      | Reached skill level 1 in Ice Magic
   360 | D:4      | Reached skill level 1 in Air Magic
   360 | D:4      | Reached skill level 1 in Earth Magic
   360 | D:4      | Reached skill level 1 in Poison Magic
   608 | D:4      | Reached XP level 5. HP: 38/47 MP: 6/6
   794 | D:3      | Found Zish's Antique Weapon Emporium.
  1187 | D:3      | Found Edghuimp's Antique Armour Shoppe.
  1505 | D:2      | Noticed Terence
  1507 | D:2      | Killed Terence
  1954 | D:2      | Noticed Robin
  2215 | D:2      | Killed Robin
  2392 | D:1      | Found a faded altar of an unknown god.
  3002 | D:1      | Reached XP level 6. HP: 53/53 MP: 8/8
  3450 | D:4      | Noticed a +0 dagger
  3451 | D:4      | Noticed a +0 short sword
  3451 | D:4      | Noticed a +0 spear
  3452 | D:4      | Noticed a +0 spear
  3452 | D:4      | Noticed a +0 falchion
  3452 | D:4      | Noticed a +0 dagger
  3452 | D:4      | Noticed a +0 short sword
  3453 | D:4      | Noticed a +0 falchion
  3537 | D:4      | Found a hide-covered altar of Uskayaw.
  3563 | D:4      | Reached skill level 5 in Short Blades
  3563 | D:4      | Reached skill level 5 in Dodging
  3997 | D:4      | Found Atsiwk's Serpentskin Sales.
  3997 | D:4      | Noticed a water moccasin
  3999 | D:4      | Killed a water moccasin
  4000 | D:4      | Reached XP level 7. HP: 59/59 MP: 10/10
  4134 | D:5      | Noticed Duvessa
  4135 | D:5      | Noticed Dowan
  4168 | D:5      | Killed Duvessa
  4178 | D:4      | Killed Dowan
  4623 | D:5      | Reached skill level 10 in Stealth
  4719 | D:5      | Reached XP level 8. HP: 21/67 MP: 12/12
  4724 | D:5      | Killed Edmund
  6200 | D:5      | Found a staircase to the Ecumenical Temple.
  6209 | Temple   | Entered the Ecumenical Temple
  6344 | Temple   | Became a worshipper of Warmaster Okawaru
  6706 | D:6      | Found a runed translucent door.
  6706 | D:6      | Noticed vulpzor's ghost (novice DECj)
  6856 | D:6      | Found a sacrificial altar of Ru.
  7444 | D:6      | Gained mutation: You possess an exceptional clarity of
                  | mind. [potion of mutation]
  7444 | D:6      | Gained mutation: You are clumsy. (Dex -2) [potion of
                  | mutation]
  7445 | D:6      | Lost mutation: You are clumsy. (Dex -2) [potion of
                  | mutation]
  7445 | D:6      | Lost mutation: You possess an exceptional clarity of mind.
                  | [potion of mutation]
  7445 | D:6      | Gained mutation: Your body sometimes deteriorates upon
                  | taking damage. [potion of mutation]
  7445 | D:6      | Gained mutation: Potions are less effective at restoring
                  | your health. [potion of mutation]
  7445 | D:6      | Gained mutation: Potions cannot restore your health.
                  | [potion of mutation]
  7445 | D:6      | Gained mutation: Your flesh is heat resistant. (rF+)
                  | [potion of mutation]
  7914 | D:7      | Reached XP level 9. HP: 63/73 MP: 14/14
  8415 | D:7      | Reached * piety under Okawaru
  8530 | D:8      | Found a white marble altar of Elyvilon.
  9026 | D:8      | Noticed a two-headed ogre
  9051 | D:8      | Killed a two-headed ogre
  9394 | D:8      | Reached ** piety under Okawaru
  9395 | D:8      | Reached skill level 5 in Invocations
  9499 | D:8      | Found a stormy altar of Qazlal.
  9735 | D:7      | Found a broken altar of Ashenzari.
 10805 | D:9      | Noticed a hornet
 10814 | D:9      | Killed from afar by an acid dragon

Illustrated notes

Levels and vault maps discovered:
D:1:      heliophobic_arrival_dark_side_of_the_moon, layout_loops_corners,
          ebering_ecumenical_altar_hall
D:2:      mumra_celtic_spiral_tile, layout_rooms, uniq_terence, uniq_robin
D:3:      layout_loops_corners, serial_shops,
          nicolae_shop_temple_entry_statues_fountains, shop
D:4:      layout_cave_pools, nicolae_uskayaw_en_pointe, guppyfry_shop_venom
D:5:      layout_basic, mainiacjoe_overflow_cross_hatched,
          lemuel_temple_firewalk_a, serial_undead, serial_undead_d,
          serial_undead_c, serial_undead_c, serial_undead_d, uniq_edmund,
          uniq_duvessa
D:6:      layout_gridville, overflow_temple_1_default, gammafunk_ghost_grave
D:7:      layout_layer_cave, nicolae_ashenzari_panopticon
D:8:      layout_gridville, elyvilon_altar_5, nicolae_overflow_hidden_temple,
          wad_floor_pattern_2, nrook_campfire
D:9:      minmay_general_purpose_star, layout_layer_cave, lair_entry_dummy,
          minmay_orc_entry_temple_small, ebering_ghost_xom
Temple:   regret_index_temple_waves

Skill      XL: |  1  2  3  4  5  6  7  8  9 |
---------------+----------------------------+-----
Stealth        | 10 | 10.6
Invocations    | 1 2 3 4 5 |  5.1
Long Blades    | 1 2 3 4 |  4.6
Axes           | 1 2 3 4 |  4.6
Maces & Flails | 1 2 3 4 |  4.6
Polearms       | 1 2 3 4 |  4.6
Staves         | 1 2 3 4 |  4.6
Slings         | 1 2 3 4 |  4.6
Bows           | 1 2 3 4 |  4.6
Crossbows      | 1 2 3 4 |  4.6
Throwing       | 1 2 3 4 |  4.6
Armour         | 1 2 3 4 |  4.6
Shields        | 1 2 3 4 |  4.6
Unarmed Combat | 1 2 3 4 |  4.6
Spellcasting   | 1 2 3 4 |  4.6
Evocations     | 1 2 3 4 |  4.6
Conjurations   | 1 2 3 |  3.8
Hexes          | 1 2 3 |  3.8
Summonings     | 1 2 3 |  3.8
Necromancy     | 1 2 3 |  3.8
Translocations | 1 2 3 |  3.8
Transmutations | 1 2 3 |  3.8
Fire Magic     | 1 2 3 |  3.8
Ice Magic      | 1 2 3 |  3.8
Air Magic      | 1 2 3 |  3.8
Earth Magic    | 1 2 3 |  3.8
Poison Magic   | 1 2 3 |  3.8
Short Blades   | 5 6 |  6.6
Dodging        | 5 6 |  6.6
Fighting       | 7 8 |  8.1

Action                   |  1- 3 |  4- 6 |  7- 9 || total
-------------------------+-------+-------+-------++-------
Melee: Short sword       |    11 |   113 |       ||   124
       Bite              |     1 |    27 |    87 ||   115
       Punch             |       |     4 |    23 ||    27
       Dagger            |       |   130 |   698 ||   828
Throw: Throwing net      |       |       |     2 ||     2
Invok: Heroism           |       |       |     2 ||     2
  Use: Potion            |       |     3 |     4 ||     7
       Scroll            |       |       |    15 ||    15
 Stab: Sleeping          |     4 |    15 |     8 ||    27
       Distracted        |       |       |     1 ||     1
       Held in net/web   |       |       |     2 ||     2
Armor: Leather armour    |     2 |     6 |       ||     8
       Ring mail         |       |    62 |   182 ||   244
       Skin              |       |       |     7 ||     7
Dodge: Dodged            |     5 |    99 |   258 ||   362
Block: Other             |     1 |    41 |   125 ||   167
       Reflection        |       |     1 |     2 ||     3

Table legend: (Time is in decaauts)
 A = Elapsed time spent in this place.
 B = Non-inter-level travel time spent in this place.
 C = Inter-level travel time spent in this place.
 D = Time resting spent in this place.
 E = Time spent auto-exploring this place.
 F = Levels seen in this place.
 G = Mean time per level.
                   A        B        C        D        E       F      G
               +--------+--------+--------+--------+--------+-----+--------+
         Total |  10556 |  10276 |    280 |   1576 |   7066 |  10 | 1055.6 |
       Dungeon |  10393 |  10161 |    232 |   1576 |   6965 |   9 | 1154.8 |
        Temple |    162 |    114 |     48 |      0 |    101 |   1 |  162.0 |
               +--------+--------+--------+--------+--------+-----+--------+

Top non-repeatable levels by time:
     D:7: 1825 daAuts
     D:5: 1774 daAuts
     D:4: 1529 daAuts
     D:8: 1232 daAuts
     D:6: 1230 daAuts
     D:1: 1161 daAuts
     D:3: 897 daAuts
     D:2: 730 daAuts
  Temple: 162 daAuts
     D:9: 12 daAuts
